Map: Hard Lead LE

Players

battlingbard

  • Race: Protoss Protoss
  • League: Platinum
  • Spawn Location: 5:00

Subwayeatn - Winner!

  • Race: Terran Terran
  • League: Platinum
  • Spawn Location: 11:00

VOD

Have the link to the VOD?

Description

Time

  • Played on: Nov. 9, 2023, 12:26 p.m.
  • Length: 13:36
Show
View Real Time Build Order
Export as new Build Order

battlingbard Protoss 

Build Orders: Dark Templar Rush 

Get SALT Encoding   

  12  0:02  Probe  
  13  0:17  Probe  
  14  0:23  Pylon  
  14  0:29  Probe  
  15  0:41  Probe (Chrono Boost)  
  16  0:43  Forge  
  16  0:52  Probe (Chrono Boost)  
  17  0:57  Probe (Chrono Boost)  
  17  1:02  Gateway  
  18  1:08  Probe  
  19  1:16  Assimilator  
  19  1:21  Pylon  
  19  1:45  Probe  
  20  1:50  Cybernetics Core  
  20  2:04  Assimilator  
  20  2:08  Photon Cannon  
  20  2:17  Nexus  
  20  2:24  Probe  
  20  2:26  Adept, Warp Gate (Chrono Boost)  
  23  2:30  Pylon  
  23  2:36  Probe  
  24  2:48  Probe  
  25  2:51  Twilight Council  
  25  3:00  Probe  
  26  3:07  Shield Battery  
  26  3:12  Probe  
  27  3:18  Gateway  
  27  3:24  Probe  
  23  3:59  Dark Shrine, Probe  
  24  4:04  Gateway  
  24  4:17  Stalker x2  
  27  4:29  Probe  
  28  4:33  Photon Cannon  
  28  4:53  Probe (Chrono Boost)  
  28  4:58  Probe (Chrono Boost)  
  30  5:00  Robotics Facility  
  30  5:04  Probe (Chrono Boost)  
  30  5:06  Probe (Chrono Boost)  
  32  5:08  Shield Battery  
  32  5:10  Probe  
  33  5:19  Dark Templar  
  33  5:20  Zealot  
  37  5:29  Probe  
  37  5:30  Probe  
  39  5:36  Pylon  
  39  5:41  Probe  
  39  5:42  Probe  
  41  5:48  Observer  
  42  5:54  Probe (Chrono Boost)  
  44  5:59  Probe (Chrono Boost)  
  44  6:11  Stalker x2  
  46  6:13  Immortal  
  46  6:41  Charge (Chrono Boost)  
  46  6:43  Zealot x3  
  47  7:09  Photon Cannon  
  47  7:11  Gateway, Immortal (Chrono Boost)  
  47  7:14  Assimilator  
  51  7:20  Shield Battery, Probe (Chrono Boost)  
  53  7:22  Sentry  
  53  7:23  Sentry  
  53  7:24  Pylon  
  53  7:25  Probe (Chrono Boost)  
  57  7:32  Probe (Chrono Boost)  
  57  7:33  Probe (Chrono Boost)  
  59  7:42  Photon Cannon, Probe  
  59  7:44  Probe  
  61  7:45  Pylon  
  61  7:52  Zealot x3  
  61  7:53  Robotics Bay  
  61  7:54  Probe  
  61  7:56  Shield Battery  
  69  7:58  Observer  
  69  8:07  Pylon  
  69  8:19  Dark Templar  
  71  8:20  Zealot x2  
  75  8:27  Probe x2  
  75  8:29  Protoss Ground Weapons Level 1 (Chrono Boost)  
  77  8:36  Assimilator  
  77  8:39  Probe x2  
  79  8:46  Dark Templar  
  79  8:47  Zealot x2  
  85  8:51  Probe  
  86  9:08  Pylon  
  86  9:10  Gateway  
  86  9:11  Nexus  
  86  9:13  Gateway  
  86  9:25  Colossus  
  86  9:26  Probe  
  93  9:33  Assimilator  
  93  9:38  Shield Battery  
  93  9:39  Photon Cannon  
  93  9:53  Forge  
  93  9:54  Robotics Facility  
  93  9:56  Gateway  
  93  10:06  Pylon  
  93  10:20  Observer  
  94  10:33  Pylon  
  94  10:38  Pylon  
  76  10:44  Disruptor (Chrono Boost)  
  66  10:52  Stalker  
  66  10:53  Zealot x3  
  68  11:03  Colossus (Chrono Boost)  
  68  11:20  Dark Templar x2, Zealot, Disruptor (Chrono Boost)  
  67  11:36  Dark Templar x2  
  67  11:39  Zealot x2  
  63  11:47  Disruptor (Chrono Boost)  
  67  11:57  Disruptor (Chrono Boost)  
  56  12:02  Stalker x3  
  59  12:14  Zealot x2  
  51  12:16  Immortal  
  49  12:25  Dark Templar  
  49  12:28  Immortal  
  55  12:36  Stalker  
  27  13:01  Zealot  
  27  13:02  Zealot x2  
  21  13:30  Zealot x2  
Show
View Real Time Build Order
Export as new Build Order

Subwayeatn Terran - Winner!

Build Orders: Reaper Expand 

Get SALT Encoding   

  12  0:00  SCV  
  13  0:12  SCV  
  14  0:18  Supply Depot  
  14  0:24  SCV  
  15  0:41  Barracks  
  15  0:48  SCV  
  16  0:51  Refinery  
  16  1:00  SCV  
  16  1:01  Supply Depot  
  17  1:12  SCV  
  17  1:15  Barracks  
  18  1:24  SCV  
  19  1:37  Reaper  
  20  1:54  Command Center  
  20  2:05  Orbital Command  
  20  2:08  Reaper  
  21  2:24  Refinery  
  21  2:34  Barracks Tech Lab  
  21  2:37  SCV  
  22  2:50  SCV  
  23  2:58  Marauder  
  25  3:00  Barracks Reactor  
  25  3:02  SCV  
  26  3:09  Supply Depot  
  26  3:11  Supply Depot  
  26  3:14  SCV  
  27  3:34  Supply Depot  
  27  3:45  SCV  
  27  3:46  Orbital Command  
  28  3:49  Stimpack  
  28  3:52  Marine, Marauder  
  28  3:53  Marine  
  32  3:58  Bunker  
  32  4:03  Engineering Bay  
  32  4:05  SCV  
  33  4:17  SCV  
  34  4:31  SCV x2  
  34  4:38  Refinery  
  36  4:42  Refinery  
  36  4:43  SCV x2  
  38  4:49  Marauder  
  38  4:50  Marine x2  
  42  4:55  SCV x2  
  42  4:58  Factory  
  44  5:03  Missile Turret  
  44  5:08  SCV x2  
  46  5:16  Marine x2, Marauder  
  46  5:20  SCV x2  
  52  5:24  Terran Infantry Weapons Level 1, Missile Turret  
  52  5:29  Combat Shield  
  52  5:32  SCV  
  52  5:33  SCV  
  52  5:34  Marine x2  
  56  5:37  Marauder  
  58  5:42  Supply Depot  
  58  5:44  SCV  
  58  5:45  SCV  
  58  5:47  Missile Turret  
  58  5:48  Factory Tech Lab  
  60  5:54  Armory  
  60  5:55  Marine  
  60  5:56  SCV, Marine  
  63  5:57  SCV  
  63  5:58  Marauder  
  66  6:09  SCV x2  
  68  6:13  Missile Turret  
  68  6:14  Starport  
  68  6:16  Marine  
  68  6:17  Marine  
  70  6:20  Marauder  
  70  6:42  Supply Depot x2  
  56  7:09  SCV x2  
  58  7:16  Missile Turret  
  58  7:17  Command Center  
  58  7:21  SCV x2  
  58  7:22  Thor  
  66  7:25  Terran Vehicle Weapons Level 1  
  66  7:26  Terran Infantry Weapons Level 2  
  66  7:29  Starport Reactor  
  66  7:33  SCV x2  
  66  7:35  Marine x3  
  71  7:45  Missile Turret, SCV x2  
  71  7:50  Concussive Shells  
  73  7:53  Marine  
  73  7:54  Marauder  
  73  7:57  SCV x2  
  78  8:09  SCV x2  
  78  8:12  Medivac  
  82  8:13  Medivac  
  82  8:15  Marauder  
  86  8:21  SCV x2  
  88  8:27  Thor  
  88  8:33  SCV  
  95  8:37  Marauder  
  97  8:42  Medivac  
  97  8:43  Medivac  
  101  8:49  Marine x2  
  103  8:58  Marauder  
  103  9:02  SCV x2  
  107  9:04  Orbital Command  
  107  9:07  Marine x2  
  109  9:19  Terran Vehicle And Ship Armor Level 1  
  109  9:29  Supply Depot  
  109  9:30  Missile Turret x2  
  109  9:32  Missile Turret, Refinery  
  109  9:33  Refinery  
  109  9:35  Supply Depot  
  109  9:39  Supply Depot  
  109  9:43  Terran Infantry Armor Level 1  
  109  9:51  Thor, SCV x2  
  117  9:56  Marine x2  
  117  9:57  SCV, Medivac x2  
  124  10:01  Marauder  
  124  10:06  Barracks  
  126  10:11  SCV x3  
  129  10:14  Marine x2  
  131  10:23  Command Center, Marauder  
  133  10:33  Supply Depot  
  133  10:36  Supply Depot  
  133  10:37  Marine, SCV x2  
  133  10:38  Marine, Supply Depot, SCV  
  133  10:40  Thor  
  127  10:49  SCV  
  126  10:50  SCV  
  126  10:55  Marine, Medivac x2  
  132  11:01  SCV  
  132  11:02  SCV  
  134  11:04  Marine x2  
  136  11:13  Marine  
  136  11:22  Thor, Marine x2  
  136  11:25  Medivac x2  
  145  11:31  Marine  
  132  11:40  Marine  
  116  12:02  Marine  
  116  12:03  Marine x2  
  116  12:06  Thor  
  125  12:20  Marine x3  
  120  12:38  Marine x2  
  120  12:39  Marauder  
  124  12:56  Marine x2  
  120  13:00  Marauder  
  113  13:14  Marine x2  
Tags
 
Add a new tag
Caveats
  • Supply blocks, unpowered buildings, or Contaminate may cause inaccurate times.
  • Supply counts are checked every 10 seconds.